 Dungeon Crawl Stone Soup version 0.14-a0-2443-g5aee772 (webtiles) character file.

263 Econoterrorist the Insei (level 4, 0/32 HPs)
             Began as a Demonspawn Transmuter on Feb 7, 2014.
             Killed from afar by Sigmund (6 damage)
             ... with a magic dart
             ... on Level 3 of the Dungeon.
             The game lasted 00:10:56 (3394 turns).

Econoterrorist the Insei (Demonspawn Transmuter)    Turns: 3394, Time: 00:10:56

HP   0/32        AC  2     Str 10      XL: 4   Next: 83%
MP   0/7         EV 12     Int 15      God:
Gold 137         SH  0     Dex 14      Spells:  2 memorised,  3 levels left

rFire  . . .     SeeInvis .       - Unarmed
rCold  . . .     Clarity  .     h - +0 robe (curse)
rNeg   . . .     Conserve .     (no shield)
rPois  .         rCorr    .     (helmet restricted)
rElec  .         rRot     .     (no cloak)
SustAb . .       Spirit   +     (no gloves)
rMut   .         Warding  .     (no boots)
Saprov . . .     Stasis   .     (no amulet)
MR     .....                    (no ring)
                                (no ring)

@: very slightly contaminated, not resistant to hostile enchantments, unstealthy
A: antennae 1, conserve scrolls, magic shield
a: no special abilities


You were on level 3 of the Dungeon.
You were not hungry.

You visited 1 branch of the dungeon, and saw 3 of its levels.

You collected 137 gold pieces.

Inventory:

Missiles
 b - 12 arrows
Armour
 h - a cursed +0 robe (worn)
Comestibles
 a - a banana
 i - 2 meat rations
 k - 2 chunks of orc flesh
 n - 2 bread rations
Scrolls
 c - a scroll of enchant weapon II
 e - a scroll of remove curse
 g - a scroll of blinking
 j - a scroll of fear {unknown}
 p - a scroll of identify {unknown}
 r - a scroll of enchant weapon I {unknown}
Potions
 f - 4 potions of curing
 l - a potion of speed {unknown}
 m - a potion of heal wounds {unknown}
 o - a potion of restore abilities {unknown}
 s - a potion of magic {unknown}
 t - a potion of confusion {unknown}
Books
 d - a book of Changes

   Spells                             Type                      Level
   *Beastly Appendage                 Transmutation                1
   Sticks to Snakes                   Transmutation                2
   *Spider Form                       Transmutation/Poison         3
   Ice Form                           Ice/Transmutation            4
   Blade Hands                        Transmutation                5


   Skills:
 - Level 1.0 Fighting
 - Level 1.7 Dodging
 - Level 5.0 Unarmed Combat
 - Level 2.0 Spellcasting
 + Level 1.8 Transmutations
 + Level 0.2 Poison Magic


You had 3 spell levels left.
You knew the following spells:

 Your Spells              Type           Power        Failure   Level  Hunger
a - Beastly Appendage     Trmt           #.....       12%         1    #......
b - Spider Form           Trmt/Pois      #.........   43%         3    ####...


Dungeon Overview and Level Annotations

Branches:
Dungeon (3/16)

Altars:

Annotations:
D:3 Sigmund


Innate Abilities, Weirdness & Mutations

You have a pair of small antennae on your head.*
You are very good at protecting items from fire.
When hurt, damage is shared between your health and your magic reserves.


Message History

Sigmund is lightly wounded.
You hit Sigmund.
Sigmund is poisoned.
Sigmund is moderately wounded.
Your transformation is almost over.
Sigmund hits you with a scythe!
You hit Sigmund.
Sigmund looks even sicker.
Sigmund is heavily wounded.
Sigmund gestures at you while chanting. The magic dart hits you!
Sigmund casts a spell at you. The magic dart hits you!
* * * LOW HITPOINT WARNING * * *
Sigmund mumbles some strange words.
Sigmund flickers and vanishes!
Deactivating autopickup; reactivate with Ctrl-A.
Your transformation has ended.
You fall off the wall.
Your cursed +0 robe unmelds from your body.
The magic dart hits you!
You die...

#... .♣# #........#
#...###.####........#
#........#.#........#
#......#.#.#........#
#...>..#.#.#........#
#......#.#.#........#
####)#.#.#.####..##.#
#.#.#.#.# #..##.#
####.#.#.#.####.@##.#
....................#
####.#...#.##......##
.........#.##......#
####.#...#.##......#
#.#####.##......# ##
#........#...(..# .#
###......#.######
.#####......###


There were no monsters in sight!

Vanquished Creatures
  A worker ant (D:3)
  Terence (D:2)
  2 adders (D:2)
  A worm (D:2)
  3 orcs (D:3)
  A ball python (D:2)
  8 bats
  4 giant cockroaches
  8 goblins
  9 hobgoblins
  3 jackals (D:2)
  7 kobolds
  A quokka (D:2)
  A giant gecko (D:2)
  2 giant newts
  6 rats
58 creatures vanquished.

Notes
Turn   | Place    | Note
--------------------------------------------------------------
     0 | D:1      | Econoterrorist, the Demonspawn Transmuter, began the quest for the Orb.
     0 | D:1      | Reached XP level 1. HP: 15/15 MP: 3/3
   164 | D:1      | Reached skill level 3 in Unarmed Combat
   234 | D:1      | Gained mutation: You are very good at protecting items from fire. [demonic ancestry]
   234 | D:1      | Reached XP level 2. HP: 2/21 MP: 2/4
   238 | D:1      | HP: 1/21 [rat (1)]
  1645 | D:2      | Gained mutation: When hurt, damage is shared between your health and your magic reserves. [demonic ancestry]
  1645 | D:2      | Reached XP level 3. HP: 26/26 MP: 4/6
  1656 | D:2      | Learned a level 3 spell: Spider Form
  1730 | D:2      | Reached skill level 4 in Unarmed Combat
  2268 | D:2      | Noticed Terence
  2281 | D:2      | Killed Terence
  2281 | D:2      | Gained mutation: You have a pair of small antennae on your head. [demonic ancestry]
  2281 | D:2      | Reached XP level 4. HP: 20/32 MP: 1/7
  2973 | D:3      | Noticed Sigmund
  3185 | D:3      | Reached skill level 5 in Unarmed Combat
  3394 | D:3      | Killed from afar by Sigmund

Action                   |  1- 3 |  4- 6 || total
-------------------------+-------+-------++-------
Melee: Unarmed           |   152 |    73 ||   225
 Cast: Beastly Appendage |    15 |     4 ||    19
       Spider Form       |     1 |     1 ||     2
  Use: Potion            |     1 |       ||     1
       Scroll            |       |     4 ||     4
